 Dungeon Crawl Stone Soup version 0.29-a0-613-gf2c431b9b9 (webtiles) character file.

Game seed: 6044881813764698762

992 bande the Chopper (level 8, -3/48 HPs)
             Began as a Gargoyle Fighter on June 16, 2022.
             Was a Follower of Okawaru.
             Slain by a gnoll sergeant
             ... wielding a +6 spear of distortion
              (4 damage)
             ... on level 5 of the Dungeon.
             The game lasted 00:08:34 (5513 turns).

bande the Chopper (Gargoyle Fighter)                Turns: 5513, Time: 00:08:35

Health: -3/48      AC: 25    Str: 21    XL:     8   Next: 18%
Magic:  9/9        EV:  7    Int:  8    God:    Okawaru [*.....]
Gold:   364        SH:  5    Dex: 11    Spells: 7/7 levels left

rFire   . . .      SeeInvis .   a - +1 war axe (venom)
rCold   . . .      Faith    .   c - +0 buckler
rNeg    + . .      Spirit   .   o - +0 chain mail
rPois   ∞          Reflect  .   r - +0 helmet
rElec   +          Harm     .   (no cloak)
rCorr   .          Rampage  .   y - +0 pair of gloves
Will    .....                   b - +2 pair of boots
Stlth   ..........              (no amulet)
HPRegen 0.16/turn               g - +4 ring of protection
MPRegen 0.11/turn               (no ring)

@: no status effects
A: sickness immunity, AC +5, negative energy resistance 1, electricity
resistance, torment resistance 1, petrification resistance
a: Renounce Religion, Heroism


You were on level 5 of the Dungeon.
You worshipped Okawaru.
Okawaru was aware of your devotion.
You visited 2 branches of the dungeon, and saw 6 of its levels.

You collected 364 gold pieces.

Inventory:

Hand Weapons
 a - a +1 war axe of venom (weapon)
 h - a +1 flail of protection
 i - a +1 vorpal hand axe
Missiles
 s - a throwing net (quivered)
Armour
 b - a +2 pair of boots (worn)
 c - a +0 buckler (worn)
 o - a +0 chain mail (worn)
 r - a +0 helmet (worn)
 y - a +0 pair of gloves (worn)
Jewellery
 g - a +4 ring of protection (left hand)
 w - a ring of protection from cold
Wands
 m - a wand of polymorph (7)
 u - a wand of flame (15)
Scrolls
 p - 3 scrolls of teleportation
 x - a scroll of poison
Potions
 d - 6 potions of might
 e - a potion of brilliance
 f - a potion of resistance
 j - a potion of heal wounds
 k - 2 potions of mutation {unknown}
 l - a potion of magic {unknown}
 n - 3 potions of curing
 q - a potion of cancellation {unknown}
 t - a potion of ambrosia {unknown}
 v - a potion of berserk rage {unknown}


   Skills:
 + Level 4.9 Fighting
 + Level 5.9 Axes
 + Level 5.4 Armour
 + Level 4.5 Shields
 * Level 2.2 Invocations
 * Level 1.5 Evocations


You had 7 spell levels left.
You didn't know any spells.
Your spell library contained the following spells:

 Spells                   Type           Power      Damage    Failure   Level
 Portal Projectile        Hex/Tloc       0%         N/A       100%        3
 Stone Arrow              Conj/Erth      0%         3d7       100%        3
 Blade Hands              Tmut           0%         N/A       100%        5
 Lehudib's Crystal Spear  Conj/Erth      0%         10d2      100%        8
 Tukima's Dance           Hex            Unusable   N/A       N/A         3
 Animate Armour           Summ/Erth      Unusable   N/A       N/A         4

Dungeon Overview and Level Annotations

Branches:
Dungeon (5/15)             Temple (1/1) D:4

Altars:
Ashenzari
Cheibriados
Dithmenos
Elyvilon
Fedhas
Gozag
Hepliaklqana
Kikubaaqudgha
Makhleb
Nemelex Xobeh
Okawaru
Qazlal
Ru
Sif Muna
Trog
Uskayaw
Vehumet
Wu Jian
Xom
Yredelemnul
The Shining One
Beogh


Innate Abilities, Weirdness & Mutations

You are immune to sickness and miasma.
Your stone body is resilient. (AC +5)
You are immune to poison.
You resist negative energy. (rN+)
You are resistant to electric shocks. (rElec)
You are resistant to unholy torment.
You are immune to petrification.


Message History

The gnoll sergeant barely misses you.
The gnoll sergeant hits you from afar with a +6 spear of distortion.
* * * LOW HITPOINT WARNING * * *
The gnoll hits you but does no damage. The hound bites you but does no damage.
You kill the hound!
Okawaru accepts your kill. The gnoll hits you but does no damage.
You feel much better. You block the gnoll sergeant's attack.
You hit the jackal.
The jackal is lightly wounded.
You slash the gnoll! The gnoll barely misses you.
The gnoll sergeant hits you but does no damage.
You blink.
Unknown command.
Unknown command.
The jackal bites you but does no damage.
The gnoll sergeant hits you from afar with a +6 spear of distortion!
You blink.
You block the jackal's attack.
Unknown command.
You closely miss the jackal.
The jackal is lightly wounded.
You hit the gnoll.
The gnoll is poisoned.
The jackal barely misses you. The gnoll sergeant barely misses you.
The gnoll hits you but does no damage.
You closely miss the jackal.
The jackal is lightly wounded.
You hit the gnoll.
You kill the gnoll!
Okawaru accepts your kill.
The jackal bites you but does no damage.
The gnoll sergeant hits you from afar with a +6 spear of distortion!
* * * LOW HITPOINT WARNING * * *
Space warps horribly around you!
* * * LOW HITPOINT WARNING * * *
The jackal bites you but does no damage.
You slash the jackal!
You kill the jackal!
Okawaru accepts your kill.
The gnoll sergeant hits you from afar with a +6 spear of distortion.
You die...

#.##.....#....)#.##....†#########
..##.....)....##.#.....######
..##.....'.............#....#
..###'#..#......##.....#....#
..##[.#.⌠#...##..#.....#....#+
...#######...#..##..........h.
....#####....#...#....)(......
.............###.)g.#..)......
.#..############@...##)#....#'
.#.##########.#..#....(#....#
.........^.............#....#
############...........######
#.............# ##..........(...
#.#..............
###...............
##.........####.


You could see a gnoll sergeant.

Vanquished Creatures
  A sky beast (D:4)
  A wolf (D:5)
  An ogre (D:4)
  2 scorpions (D:4)
  The ghost of avis the Shooter, a weakling DgHu (D:4)
  3 hounds (D:5)
  2 gnoll shamans (D:5)
  2 iguanas
  Ijyb (D:4)
  2 orc wizards
  13 gnolls (D:5)
  4 adders
  4 dart slugs
  19 orcs
  12 endoplasms
  8 giant cockroaches
  14 goblins
  5 hobgoblins
  9 jackals
  6 kobolds
  2 quokkas
  4 ball pythons
  13 bats
  3 frilled lizards
  3 rats (D:2)
135 creatures vanquished.

Notes
Turn   | Place    | Note
-------+----------+-------------------------------------------
     0 | D:1      | bande the Gargoyle Fighter began the quest for the Orb.
     0 | D:1      | Reached XP level 1. HP: 14/14 MP: 1/1
    48 | D:1      | Reached XP level 2. HP: 19/19 MP: 2/2
    71 | D:1      | Found a faded altar of an unknown god.
   610 | D:1      | Reached XP level 3. HP: 17/23 MP: 3/3
  1360 | D:2      | Reached XP level 4. HP: 29/29 MP: 4/4
  2134 | D:3      | Found a runed translucent gate.
  2134 | D:3      | Found a runed translucent gate.
  2139 | D:3      | Found a runed translucent gate.
  2139 | D:3      | Found an opulent altar of Gozag.
  2140 | D:3      | Noticed a sky beast
  2211 | D:3      | Reached XP level 5. HP: 26/33 MP: 5/5
  2917 | D:3      | Noticed avis's ghost (weakling DgHu)
  2955 | D:4      | Killed a sky beast
  2956 | D:4      | Reached XP level 6. HP: 24/38 MP: 6/6
  3289 | D:4      | Killed avis's ghost
  3920 | D:4      | Reached XP level 7. HP: 39/44 MP: 7/7
  3969 | D:4      | Reached skill level 5 in Axes
  3969 | D:4      | Reached skill level 5 in Armour
  4395 | D:4      | Noticed Ijyb
  4410 | D:4      | Killed Ijyb
  4703 | D:4      | Found a staircase to the Ecumenical Temple.
  4712 | Temple   | Entered the Ecumenical Temple
  4776 | Temple   | Became a worshipper of Warmaster Okawaru
  4897 | D:5      | Entered Level 5 of the Dungeon
  5380 | D:5      | Reached skill level 1 in Invocations
  5397 | D:5      | Reached skill level 1 in Evocations
  5485 | D:5      | Reached XP level 8. HP: 40/48 MP: 9/9
  5486 | D:5      | Reached * piety under Okawaru
  5501 | D:5      | HP: 2/48 [gnoll sergeant/+6 spear of distortion (5)]
  5512 | D:5      | HP: 1/48 [gnoll sergeant/+6 spear of distortion (9)]
  5513 | D:5      | Slain by a gnoll sergeant

Illustrated notes

Levels and vault maps discovered:
D:1:      grunt_arrival_lava_bath, layout_rooms,
          hellmonk_ecumenical_altar_defaced_shrine, serial_bayou_ford_a
D:2:      minmay_skewed_foursquare, layout_basic
D:3:      layout_loops_ring, ebering_ghost_gozag
D:4:      kennysheep_goblin_castle, layout_gridville, temple_doors_cd,
          kennysheep_generic_room_16
D:5:      layout_cave_pools, serial_gnoll_camp, gnoll_camp_mini_house,
          gnoll_camp_mini_shop, gnoll_camp_mini_sergeant, gnoll_camp_medium_02
Temple:   dpeg_three_leaves_temple

Skill      XL: |  1  2  3  4  5  6  7  8 |
---------------+-------------------------+-----
Axes           | 2 3 4 5 |  5.9
Armour         | 4 5 |  5.4
Fighting       | 4 |  4.9
Shields        | 4 |  4.5
Invocations    | 1 2 |  2.2
Evocations     | 1 |  1.5

Action                   |  1- 3 |  4- 6 |  7- 9 || total
-------------------------+-------+-------+-------++-------
Melee: War axe           |    54 |    24 |    96 ||   174
       Hand axe          |    64 |   155 |       ||   219
  Use: Scroll            |     7 |     5 |     1 ||    13
       Potion            |       |       |     1 ||     1
Armor: Scale mail        |    75 |       |       ||    75
       Chain mail        |       |   140 |   105 ||   245
Dodge: Dodged            |    56 |    59 |    47 ||   162
Block: Buckler           |    19 |    40 |    26 ||    85

Table legend: (Time is in decaauts)
 A = Elapsed time spent in this place.
 B = Non-inter-level travel time spent in this place.
 C = Inter-level travel time spent in this place.
 D = Time resting spent in this place.
 E = Time spent auto-exploring this place.
 F = Levels seen in this place.
 G = Mean time per level.
                   A        B        C        D        E       F      G
               +--------+--------+--------+--------+--------+-----+--------+
         Total |   5625 |   5540 |     85 |   1223 |   3234 |   6 |  937.5 |
       Dungeon |   5546 |   5461 |     85 |   1223 |   3188 |   5 | 1109.2 |
        Temple |     78 |     78 |      0 |      0 |     46 |   1 |   78.0 |
               +--------+--------+--------+--------+--------+-----+--------+

Top non-repeatable levels by time:
     D:4: 2182 daAuts
     D:1: 1120 daAuts
     D:2: 1060 daAuts
     D:3: 850 daAuts
     D:5: 333 daAuts
  Temple: 78 daAuts
